 Dungeon Crawl Stone Soup version 0.28.0-53-g5a82cb258f (webtiles) character file.

Game seed: 13325697959591215397

54 Plasmagod the Skirmisher (level 3, -5/24 HPs)
             Began as a Gargoyle Fighter on July 27, 2022.
             Slain by Sigmund
             ... wielding a +0 scythe
              (9 damage)
             ... on level 2 of the Dungeon.
             The game lasted 00:01:48 (1396 turns).

Plasmagod the Skirmisher (Gargoyle Fighter)         Turns: 1396, Time: 00:01:49

Health: -5/24      AC: 12    Str: 19    XL:     3   Next: 91%
Magic:  3/3        EV:  7    Int:  8    God:
Gold:   24         SH:  0    Dex: 11    Spells: 2/2 levels left

rFire   . . .      SeeInvis .   a - +0 flail
rCold   . . .      Faith    .   c - +0 buckler
rNeg    + . .      Spirit   .   f - +0 chain mail
rPois   ∞          Reflect  .   (no helmet)
rElec   +          Harm     .   (no cloak)
rCorr   .          Rampage  .   (no gloves)
Will    .....                   (no boots)
Stlth   ..........              (no amulet)
HPRegen 0.08/turn               (no ring)
MPRegen 0.08/turn               (no ring)

@: confused, mighty
A: sickness immunity, AC +3, negative energy resistance 1, electricity
resistance, torment resistance 1, petrification resistance
a: no special abilities


You were on level 2 of the Dungeon.
You visited 1 branch of the dungeon, and saw 2 of its levels.

You collected 24 gold pieces.

Inventory:

Hand Weapons
 a - a +0 flail (weapon)
Armour
 c - a +0 buckler (worn)
 f - a +0 chain mail (worn)
Scrolls
 b - a scroll of blinking {unknown}
 e - 2 scrolls of teleportation {unknown}
 g - a scroll of fear {unknown}
 h - a scroll of magic mapping {unknown}
Potions
 i - a potion of brilliance {unknown}
 j - a potion of lignification {unknown}


   Skills:
 + Level 3.9 Fighting
 + Level 2.8 Maces & Flails
 + Level 3.6 Armour
 + Level 0.2 Dodging
 + Level 0.2 Stealth
 + Level 3.7 Shields


You had 2 spell levels left.
You didn't know any spells.
Your spell library contained the following spells:

 Spells                   Type           Power      Damage    Failure   Level
 Gell's Gravitas          Tloc           0%         N/A       100%        3
 Lesser Beckoning         Tloc           0%         N/A       100%        3
 Teleport Other           Tloc           0%         N/A       100%        3


Dungeon Overview and Level Annotations

Branches:
Dungeon (2/15)

Altars:

Annotations:
D:2 Sigmund


Innate Abilities, Weirdness & Mutations

You are immune to sickness and miasma.
Your stone body is resilient. (AC +3)
You are immune to poison.
You resist negative energy. (rN+)
You are resistant to electric shocks. (rElec)
You are resistant to unholy torment.
You are immune to petrification.


Message History

Something hits you but does no damage.
The frilled lizard bites you but does no damage.
You miss something. Something hits you! The frilled lizard barely misses you.
You barely miss something. The frilled lizard closely misses you.
Something hits you.
* * * LOW HITPOINT WARNING * * *
You barely miss something.
The frilled lizard completely misses you.
You hear some strange, mumbled words.
You are confused.
The frilled lizard bites you but does no damage.
You bump into the rock wall.
Something hits you but does no damage.
The frilled lizard bites you but does no damage.
You bump into the rock wall.
The frilled lizard barely misses you.
You completely miss something. Something hits you but does no damage.
The frilled lizard bites you but does no damage.
Something hits you.
* * * LOW HITPOINT WARNING * * *
The frilled lizard bites you but does no damage.
You miss the frilled lizard.
You feel less confused. You block the frilled lizard's attack.
Something hits you but does no damage.
You closely miss something.
The frilled lizard bites you but does no damage.
Something hits you.
* * * LOW HITPOINT WARNING * * *
The frilled lizard barely misses you.
You barely miss something.
The frilled lizard bites you but does no damage.
You miss something. Something hits you but does no damage.
The frilled lizard bites you but does no damage.
You hit something.
You hear some strange, mumbled words.
You are confused.
The frilled lizard barely misses you.
You barely miss something. Something hits you but does no damage.
The frilled lizard bites you but does no damage.
The frilled lizard closely misses you.
You closely miss something. Something hits you!
You die...

.........#........
..<....<..........
..................
.........#........
..................
#####..##.........
##.##......>..
#.{..........
##@l.........
#............
#.#.##.......
$.... ......
...........##
..##........# ..#
.........# ...
......


You could see a frilled lizard.

Vanquished Creatures
  A gnoll (D:1)
  An adder (D:2)
  A dart slug (D:1)
  3 ball pythons (D:1)
  2 endoplasms
  2 giant cockroaches (D:1)
  2 goblins (D:1)
  4 hobgoblins (D:1)
  3 jackals (D:1)
  2 kobolds (D:1)
  A quokka (D:1)
  3 bats (D:1)
  A frilled lizard (D:1)
  4 rats
30 creatures vanquished.

Vanquished Creatures (others)
  2 plants (D:1)
2 creatures vanquished.

Grand Total: 32 creatures vanquished

Notes
Turn   | Place    | Note
-------+----------+-------------------------------------------
     0 | D:1      | Plasmagod the Gargoyle Fighter began the quest for the Orb.
     0 | D:1      | Reached XP level 1. HP: 14/14 MP: 1/1
   215 | D:1      | Reached XP level 2. HP: 19/19 MP: 2/2
   697 | D:1      | Reached XP level 3. HP: 23/23 MP: 3/3
   999 | D:1      | Found a faded altar of an unknown god.
  1374 | D:2      | Noticed Sigmund
  1396 | D:2      | Slain by Sigmund

Illustrated notes

Levels and vault maps discovered:
D:1:      matt_arrival_refuge, layout_basic, ebering_ecumenical_altar_abandoned,
          nicolae_grassy_gnolls
D:2:      layout_rooms, uniq_terence, uniq_sigmund

Action                   || total
-------------------------++-------
Melee: Flail             ||   133
  Use: Potion            ||     1
Armor: Scale mail        ||    24
       Chain mail        ||    84
Dodge: Dodged            ||    60
Block: Buckler           ||    24
